[Event "12th Arad Open 2019"]
[Site "Arad"]
[Date "2019.07.30"]
[Round "8.4"]
[White "Ciorgovean, Iustin"]
[Black "Costachi, Mihnea"]
[Result "1/2-1/2"]
[ECO "D15"]
[WhiteElo "2330"]
[BlackElo "2471"]
[Annotator "ChessBase"]
[PlyCount "27"]
[EventDate "2019.07.24"]
[EventType "swiss"]
[EventCountry "ROU"]
[SourceTitle "playchess.com"]
[Source "ChessBase"]
[SourceQuality "1"]
[TimeControl "40/5400+30:900+30"]

1. d4 Nf6 2. c4 c6 3. Nf3 d5 4. Nc3 a6 5. c5 g6 6. Bf4 Bg7 7. h3 O-O 8. e3 b6 9. b4 Nbd7 10. Rc1 bxc5 11. bxc5 Ne4 12. Nxe4 dxe4 13. Nd2 Qa5 14. Be2 1/2-1/2

[Event "12th Arad Open 2019"]
[Site "Arad"]
[Date "2019.07.30"]
[Round "8.5"]
[White "Banzea, Alexandru-Bogdan"]
[Black "Schitco, Ivan"]
[Result "0-1"]
[ECO "C78"]
[WhiteElo "2405"]
[BlackElo "2462"]
[Annotator "ChessBase"]
[PlyCount "68"]
[EventDate "2019.07.24"]
[EventType "swiss"]
[EventCountry "ROU"]
[SourceTitle "playchess.com"]
[Source "ChessBase"]
[SourceQuality "1"]
[TimeControl "40/5400+30:900+30"]

1. e4 e5 2. Nf3 Nc6 3. Bb5 a6 4. Ba4 Nf6 5. O-O Bc5 6. c3 b5 7. Bc2 d5 8. exd5 Qxd5 9. d3 Bf5 10. Qe2 O-O-O 11. a4 b4 12. d4 Bxc2 13. Qxc2 exd4 14. cxd4 Nxd4 15. Nxd4 Bxd4 16. Bf4 Rd7 17. Nd2 Nh5 18. Bg3 Nxg3 19. hxg3 h5 20. Nf3 Rhd8 21. Rad1 b3 22. Qe2 Qe6 23. Qxe6 fxe6 24. Nxd4 Rxd4 25. Rde1 Rxa4 26. Re3 Rb4 27. Rc1 Rd2 28. Rec3 Rb7 29. Rb1 Rc2 30. Re3 Rb6 31. Kf1 a5 32. Ke1 a4 33. Re4 Ra6 34. Re2 Rac6 0-1

[Event "12th Arad Open 2019"]
[Site "Arad"]
[Date "2019.07.30"]
[Round "8.6"]
[White "Song, Raymond"]
[Black "Soltanici, Ruslan"]
[Result "0-1"]
[ECO "B20"]
[WhiteElo "2456"]
[BlackElo "2408"]
[Annotator "ChessBase"]
[PlyCount "132"]
[EventDate "2019.07.24"]
[EventType "swiss"]
[EventCountry "ROU"]
[SourceTitle "playchess.com"]
[Source "ChessBase"]
[SourceQuality "1"]
[TimeControl "40/5400+30:900+30"]

1. e4 c5 2. Ne2 d6 3. g3 Nc6 4. Bg2 g6 5. c3 Bg7 6. d4 Bg4 7. f3 Bd7 8. Be3 cxd4 9. cxd4 Nf6 10. Nbc3 O-O 11. O-O b5 12. a3 a6 13. h3 e5 14. f4 Rc8 15. d5 Na5 16. Bf2 Re8 17. fxe5 Rxe5 18. Bd4 Re8 19. g4 Nc4 20. b3 Ne5 21. Nf4 h6 22. Qd2 Nh7 23. a4 bxa4 24. Nxa4 Rb8 25. Qe3 Qg5 26. Nb6 Bb5 27. Rfd1 Nxg4 28. hxg4 Bxd4 29. Rxd4 Rxb6 30. Rc1 Nf6 31. Bf3 Rb7 32. Ng2 Qxe3+ 33. Nxe3 Rbe7 34. Kf2 Kg7 35. Rc6 Nxe4+ 36. Bxe4 Rxe4 37. Rxe4 Rxe4 38. Rxd6 Rf4+ 39. Kg3 Rb4 40. Rb6 Rxb3 41. Kf2 Rd3 42. Kf3 Rd4 43. Kg3 Bd3 44. Rb7 Be4 45. Ra7 Bxd5 46. Rxa6 Be6 47. Ra5 Kf6 48. Kf3 g5 49. Ra6 Kg6 50. Ra5 h5 51. gxh5+ Kxh5 52. Rb5 Kg6 53. Rb6 Rf4+ 54. Kg3 Re4 55. Kf3 f5 56. Ra6 Kf6 57. Rb6 g4+ 58. Kf2 Kg5 59. Rb5 Rf4+ 60. Kg2 Rf3 61. Nc2 Rd3 62. Ne1 Rd2+ 63. Kg3 Bd5 64. Rb4 Be4 65. Rxe4 fxe4 66. Nf3+ gxf3 0-1

[Event "12th Arad Open 2019"]
[Site "Arad"]
[Date "2019.07.30"]
[Round "8.7"]
[White "Macovei, Andrei"]
[Black "Visanescu, Daria-Ioana"]
[Result "1-0"]
[ECO "C14"]
[WhiteElo "2424"]
[BlackElo "2079"]
[Annotator "NA"]
[PlyCount "99"]
[EventDate "2019.07.24"]
[EventType "swiss"]
[EventCountry "ROU"]
[SourceTitle "playchess.com"]
[Source "ChessBase"]
[SourceQuality "1"]
[TimeControl "40/5400+30:900+30"]

1. e4 e6 2. d4 d5 3. Nc3 Nf6 4. Bg5 Be7 5. e5 Nfd7 6. Bxe7 Qxe7 7. f4 a6 8. Nf3 c5 9. Qd2 Nc6 10. dxc5 Nxc5 11. Bd3 O-O 12. O-O-O Nb4 13. Kb1 Nbxd3 14. cxd3 Bd7 15. Qe3 Rac8 16. Rc1 b5 17. d4 Na4 18. Nxa4 bxa4 19. Rc5 Rb8 20. Qc3 Rb7 21. Rc1 Rfb8 22. Rc2 h6 23. Rc7 Rxc7 24. Qxc7 Qe8 25. Rc3 Rc8 26. Qa5 Rxc3 27. Qxc3 Qb8 28. Ne1 Bb5 29. Nc2 Bf1 30. Ne3 Qb5 31. Kc1 Bc4 32. a3 Bd3 33. Qb4 Qc6+ 34. Kd2 Be4 35. g3 Qd7 36. Nd1 g5 37. fxg5 Qd8 38. Qxa4 Qxg5+ 39. Ne3 Qh5 40. Qxa6 Qxh2+ 41. Qe2 Qg1 42. Qe1 Qh2+ 43. Kc3 Qh5 44. b4 f6 45. exf6 e5 46. Qd1 exd4+ 47. Kxd4 Qf7 48. Qg4+ Bg6 49. Qc8+ Kh7 50. Nxd5 1-0

[Event "12th Arad Open 2019"]
[Site "Arad"]
[Date "2019.07.30"]
[Round "8.8"]
[White "Nastase, Robert-Paul"]
[Black "Svetushkin, Dmitry"]
[Result "0-1"]
[ECO "B13"]
[WhiteElo "2283"]
[BlackElo "2528"]
[Annotator "ChessBase"]
[PlyCount "70"]
[EventDate "2019.07.24"]
[EventType "swiss"]
[EventCountry "ROU"]
[SourceTitle "playchess.com"]
[Source "ChessBase"]
[SourceQuality "1"]
[TimeControl "40/5400+30:900+30"]

1. e4 c6 2. d4 d5 3. exd5 cxd5 4. Bd3 Nc6 5. Ne2 Nb4 6. Bb5+ Bd7 7. Bxd7+ Qxd7 8. c3 Nc6 9. Bf4 Nf6 10. Qd3 e6 11. Nd2 Be7 12. O-O O-O 13. a4 b6 14. Qa6 Ne8 15. b4 Bd6 16. Nb3 Bxf4 17. Nxf4 Nd6 18. Nd2 Rfc8 19. Rfb1 Rc7 20. Qd3 Rac8 21. Ne2 Nd8 22. g3 N8b7 23. f3 Nc4 24. Nxc4 Rxc4 25. Kf2 Nd6 26. Ke3 Nf5+ 27. Kd2 f6 28. g4 Ne7 29. a5 e5 30. axb6 axb6 31. Ra6 exd4 32. cxd4 Qd6 33. b5 Ng6 34. Qe3 R4c7 35. f4 Re7 0-1

[Event "12th Arad Open 2019"]
[Site "Arad"]
[Date "2019.07.30"]
[Round "8.9"]
[White "Patrascu, Catalin-Lucian"]
[Black "Zawadzka, Jolanta"]
[Result "1/2-1/2"]
[ECO "C55"]
[WhiteElo "2292"]
[BlackElo "2422"]
[Annotator "NA"]
[PlyCount "57"]
[EventDate "2019.07.24"]
[EventType "swiss"]
[EventCountry "ROU"]
[SourceTitle "playchess.com"]
[Source "ChessBase"]
[SourceQuality "1"]
[TimeControl "40/5400+30:900+30"]

1. e4 e5 2. Nf3 Nc6 3. Bc4 Nf6 4. d3 Be7 5. O-O O-O 6. a4 d6 7. h3 Kh8 8. Nc3 Ng8 9. a5 a6 10. d4 exd4 11. Nxd4 Nxd4 12. Qxd4 f5 13. Re1 Bf6 14. Qd3 Ne7 15. Bb3 fxe4 16. Nxe4 Bf5 17. Qd1 Ng6 18. Ra4 Bxe4 19. Raxe4 c6 20. Qh5 d5 21. R4e2 Qxa5 22. c3 Qc7 23. Bc2 Qf7 24. Bf5 Rad8 25. Be6 Qc7 26. Bf5 Kg8 27. Be6+ Kh8 28. Bf5 Kg8 29. Be6+ 1/2-1/2

[Event "12th Arad Open 2019"]
[Site "Arad"]
[Date "2019.07.30"]
[Round "8.10"]
[White "Gilea, Lucian"]
[Black "Secheres, Adrian-Simion"]
[Result "0-1"]
[ECO "E70"]
[WhiteElo "2287"]
[BlackElo "2394"]
[Annotator "NA"]
[PlyCount "54"]
[EventDate "2019.07.24"]
[EventType "swiss"]
[EventCountry "ROU"]
[SourceTitle "playchess.com"]
[Source "ChessBase"]
[SourceQuality "1"]
[TimeControl "40/5400+30:900+30"]

1. d4 Nf6 2. c4 g6 3. Nc3 Bg7 4. e4 d6 5. Nge2 O-O 6. Ng3 a6 7. Be2 c5 8. d5 b5 9. cxb5 axb5 10. Bxb5 Ba6 11. Bxa6 Nxa6 12. O-O Qa5 13. Qe2 Nd7 14. Bd2 Rfb8 15. Rfb1 Nb4 16. Bg5 Qa6 17. Qd1 Nd3 18. Qc2 Qc4 19. Bxe7 Bd4 20. Nh1 Ra6 21. Bg5 Rab6 22. Qa4 Qxc3 23. Qxd7 Rxb2 24. Rxb2 Qxb2 25. Rf1 Nxf2 26. h4 Ng4+ 27. Nf2 Qxf2+ 0-1

[Event "12th Arad Open 2019"]
[Site "Arad"]
[Date "2019.07.30"]
[Round "8.11"]
[White "Lyell, Mark"]
[Black "Peptan, Corina-Isabela"]
[Result "1/2-1/2"]
[ECO "B24"]
[WhiteElo "2216"]
[BlackElo "2375"]
[Annotator "NA"]
[PlyCount "119"]
[EventDate "2019.07.24"]
[EventType "swiss"]
[EventCountry "ROU"]
[SourceTitle "playchess.com"]
[Source "ChessBase"]
[SourceQuality "1"]
[TimeControl "40/5400+30:900+30"]

1. e4 c5 2. Nc3 Nc6 3. Bb5 d6 4. Bxc6+ bxc6 5. d3 g6 6. f4 Bg7 7. Nf3 Qb6 8. h3 Nf6 9. O-O c4+ 10. d4 O-O 11. Kh2 Rd8 12. Qe1 d5 13. e5 Ne8 14. g4 Qb8 15. Na4 Nc7 16. Be3 Qb5 17. b3 cxb3 18. axb3 Na6 19. Rf2 Qb8 20. Qc3 Bd7 21. Nb2 Nc7 22. Nd3 f5 23. Nc5 Bc8 24. Rg1 a5 25. gxf5 Bxf5 26. Nh4 Rf8 27. Nxf5 Rxf5 28. Ra1 Qc8 29. Bd2 Ne6 30. Nxe6 Qxe6 31. Rxa5 Rxa5 32. Qxa5 Bh6 33. Qc3 Kg7 34. Qg3 Qc8 35. Qh4 Qe6 36. Bb4 Rf7 37. Kg2 Qd7 38. Qg4 Rf5 39. Qh4 Rf7 40. Bd2 Qf5 41. c3 Qe4+ 42. Kh2 e6 43. Qg4 Rf5 44. Qf3 Qc2 45. b4 Kg8 46. Qe2 Kg7 47. Kg2 Qa2 48. Be3 Qa3 49. Bd2 Qa2 50. b5 cxb5 51. Qxb5 Qa7 52. Qe8 Qa6 53. Be3 Rf8 54. Qe7+ Rf7 55. Qd6 Qd3 56. Bd2 Qe4+ 57. Kg3 Qd3+ 58. Kg2 Qe4+ 59. Kg3 Qd3+ 60. Kg2 1/2-1/2

[Event "12th Arad Open 2019"]
[Site "Arad"]
[Date "2019.07.30"]
[Round "8.12"]
[White "Bogdan, Dan"]
[Black "Gorodetzky, Matan"]
[Result "1-0"]
[WhiteElo "2370"]
[BlackElo "2290"]
[Annotator "NA"]
[PlyCount "73"]
[EventDate "2019.07.24"]
[EventType "swiss"]
[EventCountry "ROU"]
[SourceTitle "playchess.com"]
[Source "ChessBase"]
[SourceQuality "1"]
[TimeControl "40/5400+30:900+30"]

1. Nf3 d5 2. d4 e6 3. g3 c5 4. Bg2 cxd4 5. Nxd4 Nf6 6. O-O e5 7. Nb3 Be6 8. c4 Nc6 9. cxd5 Nxd5 10. Nc3 Nxc3 11. bxc3 Qc7 12. Be3 Rd8 13. Qc2 Nb4 14. Qb1 Nd5 15. Bd2 Ba3 16. Qe4 O-O 17. Qa4 Be7 18. c4 Nb6 19. Qxa7 Nxc4 20. Rfc1 Rd7 21. Bc3 f6 22. Qa4 Rb8 23. Be1 b5 24. Qa6 Rd6 25. Qa5 Nxa5 26. Rxc7 Nxb3 27. axb3 Bd8 28. Rca7 Bxb3 29. Bb4 Rd4 30. Bc5 Ra4 31. Rb1 Bb6 32. Bxb6 Rxb6 33. Bd5+ Kf8 34. Rf7+ Ke8 35. Bxb3 Rb4 36. Rxg7 Rc6 37. Bf7+ 1-0

[Event "12th Arad Open 2019"]
[Site "Arad"]
[Date "2019.07.30"]
[Round "8.13"]
[White "Barrish, Daniel"]
[Black "Nester, Ihor"]
[Result "1-0"]
[ECO "A80"]
[WhiteElo "2237"]
[BlackElo "2361"]
[Annotator "NA"]
[PlyCount "51"]
[EventDate "2019.07.24"]
[EventType "swiss"]
[EventCountry "ROU"]
[SourceTitle "playchess.com"]
[Source "ChessBase"]
[SourceQuality "1"]
[TimeControl "40/5400+30:900+30"]

1. d4 f5 2. Bg5 g6 3. Nc3 Bg7 4. e3 Nf6 5. h4 h6 6. Bf4 d6 7. Bc4 e6 8. Qf3 Qe7 9. O-O-O Nc6 10. Bh2 Bd7 11. Qg3 Qf7 12. f3 a6 13. Nge2 g5 14. Kb1 O-O-O 15. e4 fxe4 16. fxe4 Nh5 17. Qe3 Qe7 18. d5 Nb8 19. e5 dxe5 20. Bxe5 Bxe5 21. Qxe5 Qc5 22. hxg5 hxg5 23. Bb3 exd5 24. Qxg5 Rdg8 25. Rxh5 Rxg5 26. Rxh8+ 1-0

[Event "12th Arad Open 2019"]
[Site "Arad"]
[Date "2019.07.30"]
[Round "8.16"]
[White "Nedelcu, Teodor-Cosmin"]
[Black "Bonte, Andrei-Mihai"]
[Result "0-1"]
[ECO "E45"]
[WhiteElo "1963"]
[BlackElo "2337"]
[Annotator "NA"]
[PlyCount "108"]
[EventDate "2019.07.24"]
[EventType "swiss"]
[EventCountry "ROU"]
[SourceTitle "playchess.com"]
[Source "ChessBase"]
[SourceQuality "1"]
[TimeControl "40/5400+30:900+30"]

1. d4 Nf6 2. c4 e6 3. Nc3 Bb4 4. e3 b6 5. Nge2 Ba6 6. a3 Bxc3+ 7. Nxc3 d5 8. Qa4+ Qd7 9. Qxd7+ Kxd7 10. cxd5 exd5 11. Bxa6 Nxa6 12. b4 c6 13. Bb2 Nc7 14. O-O-O Rhe8 15. Rhe1 Ne4 16. f3 Nxc3 17. Bxc3 Nb5 18. Bb2 Nd6 19. Rd2 f5 20. Rde2 Re6 21. Kd2 Rae8 22. Kd3 g5 23. Bc1 Rg8 24. h3 h5 25. a4 g4 26. hxg4 hxg4 27. Bd2 gxf3 28. gxf3 Rg3 29. Rf2 Rh6 30. a5 Kc7 31. Rc1 Kb7 32. Ke2 Rhh3 33. axb6 axb6 34. Rcf1 Rg8 35. Ra1 Rhh8 36. Bc3 Ra8 37. Rg2 Rxa1 38. Bxa1 Nc4 39. Kd3 Rh3 40. Ke2 Ka6 41. Bc3 Kb5 42. Rg5 Rh2+ 43. Kd3 Ka4 44. b5 cxb5 45. Rg1 b4 46. Ra1+ Na3 47. Bd2 b3 48. Kc3 b2 49. Kxb2 Rxd2+ 50. Kc3 Rf2 51. f4 b5 52. Rh1 b4+ 53. Kd3 Nc4 54. Ra1+ Kb5 0-1

[Event "12th Arad Open 2019"]
[Site "Arad"]
[Date "2019.07.30"]
[Round "8.17"]
[White "Ardeleanu, Alin"]
[Black "Mitran, Anthony Cristian"]
[Result "1/2-1/2"]
[ECO "C65"]
[WhiteElo "2323"]
[BlackElo "2089"]
[Annotator "NA"]
[PlyCount "24"]
[EventDate "2019.07.24"]
[EventType "swiss"]
[EventCountry "ROU"]
[SourceTitle "playchess.com"]
[Source "ChessBase"]
[SourceQuality "1"]
[TimeControl "40/5400+30:900+30"]

1. e4 e5 2. Nf3 Nc6 3. Bb5 Nf6 4. d3 Bc5 5. O-O d6 6. c3 O-O 7. h3 h6 8. d4 exd4 9. cxd4 Bb6 10. Nc3 d5 11. exd5 Nxd5 12. Na4 Qf6 1/2-1/2

[Event "12th Arad Open 2019"]
[Site "Arad"]
[Date "2019.07.30"]
[Round "8.18"]
[White "Har-Even, Abir"]
[Black "Florescu, Codrut-Constantin"]
[Result "0-1"]
[ECO "B23"]
[WhiteElo "2083"]
[BlackElo "2312"]
[Annotator "NA"]
[PlyCount "70"]
[EventDate "2019.07.24"]
[EventType "swiss"]
[EventCountry "ROU"]
[SourceTitle "playchess.com"]
[Source "ChessBase"]
[SourceQuality "1"]
[TimeControl "40/5400+30:900+30"]

1. e4 c5 2. Nc3 e6 3. f4 d5 4. Nf3 dxe4 5. Nxe4 Nf6 6. Nxf6+ gxf6 7. d3 Nc6 8. g3 e5 9. Bg2 Bg4 10. h3 Be6 11. fxe5 Qc7 12. Qe2 Nxe5 13. Nxe5 fxe5 14. Bg5 Rg8 15. Bf6 Rxg3 16. Bxe5 Bd6 17. Bxg3 Bxg3+ 18. Kd1 O-O-O 19. c3 h5 20. Kc2 h4 21. Bf3 Qd7 22. b3 Kb8 23. Bg4 f5 24. Bh5 f4 25. Bg4 Bxg4 26. hxg4 Re8 27. Qg2 Re3 28. Rad1 f3 29. Qh3 Qe7 30. Kb1 a6 31. Rhf1 Qe5 32. d4 Qe4+ 33. Kb2 Re2+ 34. Ka3 Qc2 35. dxc5 Qxc3 0-1

[Event "12th Arad Open 2019"]
[Site "Arad"]
[Date "2019.07.30"]
[Round "8.19"]
[White "Petrisor, Adrian-Marian"]
[Black "Albu, George"]
[Result "1-0"]
[ECO "E85"]
[WhiteElo "2422"]
[BlackElo "2014"]
[Annotator "NA"]
[PlyCount "73"]
[EventDate "2019.07.24"]
[EventType "swiss"]
[EventCountry "ROU"]
[SourceTitle "playchess.com"]
[Source "ChessBase"]
[SourceQuality "1"]
[TimeControl "40/5400+30:900+30"]

1. d4 Nf6 2. c4 g6 3. Nc3 Bg7 4. e4 d6 5. f3 O-O 6. Be3 e5 7. Nge2 exd4 8. Nxd4 c6 9. Qd2 Re8 10. O-O-O Qe7 11. Bg5 Nbd7 12. Nc2 Bf8 13. h4 a5 14. h5 a4 15. hxg6 fxg6 16. Bh6 Rd8 17. Kb1 Bxh6 18. Qxh6 Ne5 19. Be2 Be6 20. f4 Neg4 21. Qh4 Ra5 22. e5 dxe5 23. Rxd8+ Qxd8 24. Bxg4 Bxg4 25. Ne4 Kg7 26. fxe5 Rxe5 27. Nxf6 Qxf6 28. Qxg4 h5 29. Qd7+ Re7 30. Qd3 Qf2 31. g3 Re2 32. Rd1 a3 33. Qc3+ Kh6 34. bxa3 Kg5 35. Qd3 Qg2 36. Qd8+ Kh6 37. Qf8+ 1-0

[Event "12th Arad Open 2019"]
[Site "Arad"]
[Date "2019.07.30"]
[Round "8.20"]
[White "Markovic, Franjo-Josip"]
[Black "Martinovici, Ilie"]
[Result "0-1"]
[ECO "E17"]
[WhiteElo "2160"]
[BlackElo "2407"]
[Annotator "NA"]
[PlyCount "134"]
[EventDate "2019.07.24"]
[EventType "swiss"]
[EventCountry "ROU"]
[SourceTitle "playchess.com"]
[Source "ChessBase"]
[SourceQuality "1"]
[TimeControl "40/5400+30:900+30"]

1. d4 Nf6 2. c4 e6 3. Nf3 b6 4. g3 Bb7 5. Bg2 Be7 6. O-O O-O 7. d5 exd5 8. Nh4 c6 9. cxd5 Nxd5 10. Nf5 Nc7 11. e4 d5 12. Nc3 Bf6 13. exd5 Nxd5 14. Nxd5 cxd5 15. Ne3 Nc6 16. Nxd5 Be5 17. Re1 Re8 18. Bf4 Bxb2 19. Rxe8+ Qxe8 20. Nc7 Qd8 21. Nxa8 Bxa1 22. Qxd8+ Nxd8 23. Bxb7 Nxb7 24. Bb8 a6 25. Ba7 Kf8 26. Bxb6 Ke7 27. Nc7 a5 28. Nb5 Ke6 29. Nd4+ Kd5 30. Nb3 Bc3 31. Kf1 a4 32. Nc1 Bd4 33. Bc7 g5 34. Ke2 f6 35. Nd3 Kc6 36. Bb8 Kd7 37. g4 Ke6 38. Kd2 Kd5 39. f3 Na5 40. Kc2 Nc6 41. Bg3 Kc4 42. f4 a3 43. fxg5 fxg5 44. Bd6 Bc3 45. Bc5 Ba5 46. h3 h6 47. Bf2 Nd4+ 48. Bxd4 Kxd4 49. Nf2 Ke3 50. Nd3 Bc7 51. Nb4 Kf3 52. Kd3 Kg3 53. Ke4 Kxh3 54. Kf5 Kh4 55. Nc2 Bd6 56. Ne3 Bc5 57. Nd5 Kg3 58. Nf6 Kf3 59. Ne4 Bb4 60. Nf6 Bc3 61. Nd5 Bb2 62. Nb6 h5 63. gxh5 g4 64. Nc4 g3 65. Nd2+ Ke2 66. Ne4 g2 67. Ng3+ Kf3 0-1

[Event "12th Arad Open 2019"]
[Site "Arad"]
[Date "2019.07.30"]
[Round "8.21"]
[White "Ahlander, Bjorn"]
[Black "Isfan, Ioan-Marius"]
[Result "1-0"]
[ECO "E32"]
[WhiteElo "2391"]
[BlackElo "2164"]
[Annotator "NA"]
[PlyCount "33"]
[EventDate "2019.07.24"]
[EventType "swiss"]
[EventCountry "ROU"]
[SourceTitle "playchess.com"]
[Source "ChessBase"]
[SourceQuality "1"]
[TimeControl "40/5400+30:900+30"]

1. d4 Nf6 2. c4 e6 3. Nc3 Bb4 4. Qc2 b6 5. e4 O-O 6. e5 Ne8 7. Bd3 d5 8. Bxh7+ Kh8 9. Nf3 c5 10. a3 Bxc3+ 11. bxc3 g6 12. Qd2 Ng7 13. Bxg6 fxg6 14. Qh6+ Kg8 15. Ng5 Rf7 16. Qh7+ Kf8 17. Qh8+ 1-0

[Event "12th Arad Open 2019"]
[Site "Arad"]
[Date "2019.07.30"]
[Round "8.22"]
[White "Marjanovic, Annamaria"]
[Black "Dobrin, Ionut-Alexandru"]
[Result "1-0"]
[ECO "A14"]
[WhiteElo "2343"]
[BlackElo "2142"]
[Annotator "NA RC"]
[PlyCount "76"]
[EventDate "2019.07.24"]
[EventType "swiss"]
[EventCountry "ROU"]
[SourceTitle "playchess.com"]
[Source "ChessBase"]
[SourceQuality "1"]
[TimeControl "40/5400+30:900+30"]

1. c4 e6 2. g3 Nf6 3. Bg2 d5 4. Nf3 Be7 5. O-O O-O 6. b3 b6 7. Bb2 Bb7 8. cxd5 exd5 9. d4 c5 10. Nc3 Na6 11. Rc1 Nc7 12. dxc5 Bxc5 13. Na4 Be7 14. Nd4 Ne6 15. Nf5 Ne4 16. Nxe7+ Qxe7 17. Nc3 Rfd8 18. Nb5 Ba6 19. Nd4 Nxd4 20. Qxd4 Nf6 21. Rfe1 Bb7 22. e3 Ne8 23. Re2 f6 24. Rec2 Rd7 25. Qg4 Kh8 26. Bh3 Rdd8 27. Qh4 Qe4 28. Qxe4 dxe4 29. Bd4 Kg8 30. Be6+ Kf8 31. Bb2 Ke7 32. Bf5 Bd5 33. Bxh7 Nd6 34. Rc7+ Rd7 35. Ba3 Rh8 36. Bf5 Be6 37. Bxd6+ Kxd6 38. R7c6+ Kd5 1-0

[Event "12th Arad Open 2019"]
[Site "Arad"]
[Date "2019.07.30"]
[Round "8.23"]
[White "Sarmir, Milos"]
[Black "Balla, Tamas-Kristof"]
[Result "0-1"]
[ECO "A04"]
[WhiteElo "2098"]
[BlackElo "2336"]
[Annotator "NA"]
[PlyCount "124"]
[EventDate "2019.07.24"]
[EventType "swiss"]
[EventCountry "ROU"]
[SourceTitle "playchess.com"]
[Source "ChessBase"]
[SourceQuality "1"]
[TimeControl "40/5400+30:900+30"]

1. Nf3 c5 2. c4 Nc6 3. Nc3 e6 4. e3 Nf6 5. Be2 d5 6. d4 cxd4 7. exd4 Be7 8. O-O O-O 9. b3 b6 10. Bb2 Ba6 11. Ne5 Rc8 12. Re1 dxc4 13. Nxc6 Rxc6 14. bxc4 Bxc4 15. Qa4 Qc7 16. Nb5 Bxb5 17. Bxb5 Rc2 18. Rac1 Rxc1 19. Rxc1 Qb8 20. Ba6 Qf4 21. Qc2 Nd5 22. g3 Qd6 23. a3 Bg5 24. Qc6 Qxc6 25. Rxc6 Rd8 26. Bc4 g6 27. a4 Bf6 28. Kf1 Kf8 29. Ke2 Bxd4 30. Bxd4 Ne7 31. Bc5 bxc5 32. Rxc5 Rc8 33. Rxc8+ Nxc8 34. Ba6 Nb6 35. a5 Nd5 36. Kf3 Ke7 37. h4 Kd6 38. Bb5 Ke5 39. Kg4 h6 40. Kf3 Nc7 41. Be2 Kd4 42. g4 g5 43. Kg3 a6 44. h5 Kc5 45. f4 gxf4+ 46. Kxf4 f6 47. g5 Nd5+ 48. Ke4 fxg5 49. Bxa6 Kd6 50. Bf1 Nf6+ 51. Kd4 Nxh5 52. a6 Kc6 53. Ke5 Nf4 54. Kf6 Kb6 55. Kg7 h5 56. Kf6 g4 57. Ke5 Nd5 58. Kxe6 Ne3 59. Bd3 g3 60. Be4 h4 61. Ke5 h3 62. Kf4 g2 0-1

[Event "12th Arad Open 2019"]
[Site "Arad"]
[Date "2019.07.30"]
[Round "8.24"]
[White "Voinescu, David-Ioan"]
[Black "Tomici, Stefan"]
[Result "1/2-1/2"]
[ECO "C11"]
[WhiteElo "2046"]
[BlackElo "2329"]
[Annotator "NA"]
[PlyCount "121"]
[EventDate "2019.07.24"]
[EventType "swiss"]
[EventCountry "ROU"]
[SourceTitle "playchess.com"]
[Source "ChessBase"]
[SourceQuality "1"]
[TimeControl "40/5400+30:900+30"]

1. e4 e6 2. d4 d5 3. Nc3 Nf6 4. e5 Nfd7 5. f4 c5 6. Nf3 Nc6 7. Be3 Be7 8. Be2 O-O 9. Qd2 f6 10. exf6 Bxf6 11. O-O cxd4 12. Nxd4 Nxd4 13. Bxd4 Bxd4+ 14. Qxd4 Qb6 15. Qxb6 Nxb6 16. Rae1 Bd7 17. Bg4 Rac8 18. Rf2 Rfe8 19. Rfe2 Kf7 20. a4 Rc5 21. Nb5 Bxb5 22. axb5 Rxb5 23. Bxe6+ Kf8 24. b3 Rc5 25. Re5 g6 26. c4 Rd8 27. Rd1 a5 28. cxd5 Rd6 29. f5 Kg7 30. fxg6 hxg6 31. h4 Nd7 32. Re3 Nf8 33. Rf1 Rc7 34. Rfe1 Re7 35. Kf2 b5 36. g4 Nxe6 37. dxe6 a4 38. bxa4 bxa4 39. Kg3 Ra6 40. Ra1 Rexe6 41. Rxe6 Rxe6 42. Rxa4 Re7 43. Rd4 Rf7 44. g5 Rf1 45. Rd7+ Kg8 46. Rd4 Kg7 47. Rf4 Ra1 48. Kf3 Ra3+ 49. Ke4 Ra4+ 50. Ke5 Ra5+ 51. Kd6 Ra6+ 52. Kc5 Ra5+ 53. Kb6 Ra1 54. Rd4 Rc1 55. Rd7+ Kf8 56. Rc7 Rb1+ 57. Kc6 Rc1+ 58. Kd6 Rxc7 59. Kxc7 Ke7 60. Kc8 Ke8 61. Kc7 1/2-1/2

[Event "12th Arad Open 2019"]
[Site "Arad"]
[Date "2019.07.30"]
[Round "8.25"]
[White "Magold, Filip"]
[Black "Dicu, Razvan-Stefan"]
[Result "0-1"]
[ECO "C16"]
[WhiteElo "1865"]
[BlackElo "2286"]
[Annotator "NA"]
[PlyCount "78"]
[EventDate "2019.07.24"]
[EventType "swiss"]
[EventCountry "ROU"]
[SourceTitle "playchess.com"]
[Source "ChessBase"]
[SourceQuality "1"]
[TimeControl "40/5400+30:900+30"]

1. e4 e6 2. d4 d5 3. Nc3 Bb4 4. e5 Qd7 5. f4 b6 6. a3 Bxc3+ 7. bxc3 Ba6 8. Bxa6 Nxa6 9. Qe2 Nb8 10. Nf3 Nc6 11. Be3 Na5 12. O-O Ne7 13. Bf2 Qc6 14. Qd3 Nc4 15. Rfb1 h6 16. h3 Kd7 17. Ne1 f5 18. Nf3 Rag8 19. Bh4 Ng6 20. Bg3 Nf8 21. h4 Kc8 22. a4 a5 23. Kf2 Kb7 24. Rb5 Nh7 25. h5 g5 26. hxg6 Rxg6 27. Bh4 Rhg8 28. g3 Qd7 29. Nd2 Nxd2 30. Qxd2 Ng5 31. Bxg5 hxg5 32. Rg1 gxf4 33. Qxf4 Rg4 34. Qf3 f4 35. c4 Rxg3 36. Rxg3 fxg3+ 37. Kg2 Qh7 38. Qxg3 Qxc2+ 39. Kh3 Rxg3+ 0-1

[Event "12th Arad Open 2019"]
[Site "Arad"]
[Date "2019.07.30"]
[Round "8.26"]
[White "Pop, Alexandru"]
[Black "Mihai, Cristian"]
[Result "1-0"]
[ECO "A58"]
[WhiteElo "2276"]
[BlackElo "1903"]
[Annotator "NA"]
[PlyCount "103"]
[EventDate "2019.07.24"]
[EventType "swiss"]
[EventCountry "ROU"]
[SourceTitle "playchess.com"]
[Source "ChessBase"]
[SourceQuality "1"]
[TimeControl "40/5400+30:900+30"]

1. d4 Nf6 2. c4 c5 3. d5 b5 4. cxb5 a6 5. bxa6 g6 6. Nc3 Bg7 7. a7 Rxa7 8. e4 d6 9. Nf3 O-O 10. Be2 Ba6 11. O-O Nbd7 12. Bxa6 Rxa6 13. a4 Qb6 14. Qc2 Qb4 15. Bd2 Rb8 16. Rfb1 Qb3 17. Qxb3 Rxb3 18. Be1 Ng4 19. Nd1 Nge5 20. Nxe5 Nxe5 21. Bc3 Nc4 22. Ra2 Rab6 23. Rc1 Bxc3 24. Rxc3 Rxc3 25. Nxc3 Rxb2 26. Rxb2 Nxb2 27. a5 Nc4 28. a6 Nb6 29. Nb5 Na8 30. f4 f6 31. Kf2 Kf7 32. e5 fxe5 33. fxe5 dxe5 34. Ke3 Ke8 35. Ke4 Kd7 36. Kxe5 Nb6 37. a7 h6 38. g3 Nc4+ 39. Ke4 Nb6 40. g4 h5 41. g5 h4 42. h3 Na8 43. Ke5 Nb6 44. d6 c4 45. dxe7 Kxe7 46. Nc7 c3 47. Nd5+ Kf7 48. Nxb6 c2 49. a8=Q c1=Q 50. Qb7+ Kg8 51. Qc8+ Qxc8 52. Nxc8 1-0